 Dungeon Crawl Stone Soup version 0.21-a0-538-gd16b88a (webtiles) character file.

191 Lanoc the Conjurer (level 5, -3/37 HPs)
             Began as a Gnoll Conjurer on Dec 15, 2017.
             Slain by an orc warrior
             ... wielding a +0 long sword
              (12 damage)
             ... on level 4 of the Dungeon.
             The game lasted 00:12:20 (2501 turns).

Lanoc the Conjurer (Gnoll Conjurer)                 Turns: 2501, Time: 00:12:21

Health: -3/37      AC:  5    Str: 11    XL:     5   Next: 70%
Magic:  3/12       EV: 14    Int: 18    God:
Gold:   202        SH:  4    Dex: 13    Spells: 7/14 levels left

rFire    . . .     SeeInvis .   o - staff of wizardry
rCold    + . .     Gourm    .   n - +0 buckler
rNeg     . . .     Faith    .   a - +0 robe
rPois    .         Spirit   .   (no helmet)
rElec    .         Reflect  .   B - +0 cloak
rCorr    .         Harm     .   (no gloves)
MR       .....                  (no boots)
Stlth    +++.......             z - amulet of rage
HPRegen  0.12/turn              f - ring of ice
MPRegen  0.13/turn              e - ring of fire

@: no status effects
A: distributed training, fangs 1, iridescent scales 1, blurry vision 1, clumsy
1, cold resistance 1, strong nose
a: Evoke Berserk Rage


You were on level 4 of the Dungeon.
You were not hungry.

You visited 1 branch of the dungeon, and saw 4 of its levels.

You collected 202 gold pieces.

Inventory:

Hand Weapons
 A - a +4 quarterstaff of chaos
Missiles
 y - 3 curare-tipped needles
Armour
 a - a +0 robe (worn)
 n - a +0 buckler (worn)
 B - a +0 cloak (worn)
Magical Staves
 o - an uncursed staff of wizardry (weapon)
 x - an uncursed staff of summoning
Jewellery
 e - a ring of fire (right hand)
 f - a ring of ice (left hand)
 z - an amulet of rage (around neck)
Wands
 v - a wand of paralysis (16)
Scrolls
 d - 4 scrolls of teleportation
 g - 2 scrolls of enchant weapon
 l - a scroll of fog {unknown}
 p - 3 scrolls of remove curse
Potions
 h - a potion of brilliance {unknown}
 i - a potion of heal wounds
 t - 3 potions of curing
 w - a potion of flight {unknown}
Books
 b - a book of Conjurations

   Spells                             Type                      Level
   a - Magic Dart                     Conjuration                  1
   b - Searing Ray                    Conjuration                  2
   c - Dazzling Spray                 Conjuration/Hexes            3
   d - Fulminant Prism                Conjuration/Hexes            4
   e - Force Lance                    Conjuration/Translocation    4
   f - Iskenderun's Mystic Blast      Conjuration                  4
Comestibles
 c - 4 bread rations
 j - 3 royal jellies
 k - 8 fruits
 r - 2 meat rations


   Skills:
 + Level 1.5 Fighting
 + Level 1.5 Short Blades
 + Level 1.5 Long Blades
 + Level 1.5 Axes
 + Level 1.5 Maces & Flails
 + Level 1.5 Polearms
 + Level 1.5 Staves
 + Level 1.5 Slings
 + Level 1.5 Bows
 + Level 1.5 Crossbows
 + Level 1.5 Throwing
 + Level 1.5 Armour
 + Level 4.8 Dodging
 + Level 4.4 Stealth
 + Level 1.5 Shields
 + Level 1.5 Unarmed Combat
 + Level 5.2 Spellcasting
 + Level 7.2 Conjurations
 + Level 1.2 Hexes
 + Level 1.2 Charms
 + Level 1.2 Summonings
 + Level 1.2 Necromancy
 + Level 1.2 Translocations
 + Level 1.2 Transmutations
 + Level 1.2 Fire Magic
 + Level 1.2 Ice Magic
 + Level 1.2 Air Magic
 + Level 1.2 Earth Magic
 + Level 1.2 Poison Magic
 + Level 1.7 Invocations
 + Level 1.5 Evocations


You had 7 spell levels left.
You knew the following spells:

 Your Spells              Type           Power        Failure   Level  Hunger
a - Magic Dart            Conj           ####         1%          1    None
b - Searing Ray           Conj           ####..       1%          2    #......
c - Force Lance           Conj/Tloc      ###.....     12%         4    ####...


Dungeon Overview and Level Annotations

Branches:
Dungeon (4/15)
 Temple: D:4-7

Altars:
Fedhas
Nemelex Xobeh
Okawaru
Qazlal


Innate Abilities, Weirdness & Mutations

Your experience applies equally to all skills.
You have very sharp teeth.
Your uncanny sense of smell can sniff out nearby items.
You are partially covered in iridescent scales. (AC +2)
Scrolls take you a little longer to read.
You are clumsy. (Dex -2)
Your flesh is cold resistant. (rC+)


Message History

Casting: Searing Ray
Confirm with . or Enter, or press ? or * to list all spells.
Aiming: Searing Ray
Press: ? - help, Shift-Dir - straight line, f - orc
Aim: an orc, wielding a club and wearing a chain mail The searing ray hits the orc warrior.
The orc warrior is almost dead. (Press . to maintain the ray.)
The orc warrior completely misses you.
The searing ray hits the orc warrior.
The orc warrior is almost dead.
The searing ray hits the orc warrior.
The orc warrior is almost dead.
The orc warrior hits you with a long sword!
* * * LOW HITPOINT WARNING * * *
There is a stone staircase leading up here.
Okay, then.
Found a whip.
The orc warrior hits you with a long sword!
You die...

#### .#.##
###########################
)...###..........................
...............##################
....###...#.######### #########
....# #.............. ........#
....# #..<#.###################.#
....# #...#.##.o@................
....###...#.##o################.#
..........#.##.# #.#
....####..#.##.# #.#
....####..#.##.#### #.#
..................+ #.#
.......#..#.##.#### #.#
.#..##.#..#..#.# ∆ #.#
................


You could see an orc warrior and an orc.

Vanquished Creatures
  An orc wizard (D:4)
  Crazy Yiuf (D:3)
  7 adders
  An ooze (D:1)
  2 worms (D:2)
  2 leopard geckos (D:1)
  2 orcs
  3 giant cockroaches
  4 goblins
  8 hobgoblins
  10 kobolds
  2 quokkas (D:2)
  A ball python (D:3)
  9 bats
  4 frilled lizards
  7 rats
64 creatures vanquished.

Notes
Turn   | Place    | Note
-------+----------+-------------------------------------------
     0 | D:1      | Lanoc the Gnoll Conjurer began the quest for the Orb.
     0 | D:1      | Reached XP level 1. HP: 13/13 MP: 6/6
    57 | D:1      | Reached XP level 2. HP: 19/19 MP: 1/7
   450 | D:1      | Found a sparkling altar of Nemelex Xobeh.
   590 | D:1      | Reached XP level 3. HP: 25/25 MP: 3/9
   914 | D:2      | Reached skill level 5 in Spellcasting
   960 | D:2      | Learned a level 2 spell: Searing Ray
   966 | D:2      | Reached skill level 1 in Invocations
  1024 | D:2      | Reached skill level 1 in Fighting
  1024 | D:2      | Reached skill level 1 in Short Blades
  1024 | D:2      | Reached skill level 1 in Long Blades
  1024 | D:2      | Reached skill level 1 in Axes
  1024 | D:2      | Reached skill level 1 in Maces & Flails
  1024 | D:2      | Reached skill level 1 in Polearms
  1024 | D:2      | Reached skill level 1 in Staves
  1024 | D:2      | Reached skill level 1 in Slings
  1024 | D:2      | Reached skill level 1 in Bows
  1024 | D:2      | Reached skill level 1 in Crossbows
  1024 | D:2      | Reached skill level 1 in Throwing
  1024 | D:2      | Reached skill level 1 in Armour
  1024 | D:2      | Reached skill level 1 in Shields
  1024 | D:2      | Reached skill level 1 in Unarmed Combat
  1024 | D:2      | Reached skill level 1 in Evocations
  1349 | D:2      | Reached XP level 4. HP: 32/32 MP: 6/11
  1385 | D:2      | Learned a level 4 spell: Force Lance
  1457 | D:3      | Gained mutation: Your flesh is cold resistant. (rC+) [potion of mutation]
  1457 | D:3      | Gained mutation: Scrolls take you a little longer to read. [potion of mutation]
  1457 | D:3      | Gained mutation: You are clumsy. (Dex -2) [potion of mutation]
  1457 | D:3      | Gained mutation: You are partially covered in iridescent scales. (AC +2) [potion of mutation]
  1574 | D:2      | Reached skill level 1 in Hexes
  1574 | D:2      | Reached skill level 1 in Charms
  1574 | D:2      | Reached skill level 1 in Summonings
  1574 | D:2      | Reached skill level 1 in Necromancy
  1574 | D:2      | Reached skill level 1 in Translocations
  1574 | D:2      | Reached skill level 1 in Transmutations
  1574 | D:2      | Reached skill level 1 in Fire Magic
  1574 | D:2      | Reached skill level 1 in Ice Magic
  1574 | D:2      | Reached skill level 1 in Air Magic
  1574 | D:2      | Reached skill level 1 in Earth Magic
  1574 | D:2      | Reached skill level 1 in Poison Magic
  1769 | D:3      | Reached XP level 5. HP: 33/37 MP: 2/12
  1794 | D:3      | Found a blossoming altar of Fedhas.
  1794 | D:3      | Found an iron altar of Okawaru.
  1948 | D:3      | Found a stormy altar of Qazlal.
  2217 | D:3      | Found a runed door.
  2221 | D:3      | Noticed Crazy Yiuf
  2228 | D:3      | Killed Crazy Yiuf
  2435 | D:4      | Noticed an orc warrior
  2501 | D:4      | Slain by an orc warrior

Vault maps used:
D:1:      dpeg_arrival_long_road, nemelex_xobeh_ov_fountains_minmay
D:3:      nicolae_overflow_hidden_temple, first_bread,
          minmay_misc_feat_ornament, uniq_crazy_yiuf_cottage
D:4:      kennysheep_little_box, trog_butcher_becter

Skill      XL: |  1  2  3  4 |
---------------+-------------+-----
Spellcasting   | 5 |  5.2
Invocations    | 1 |  1.7
Fighting       | 1 |  1.5
Short Blades   | 1 |  1.5
Long Blades    | 1 |  1.5
Axes           | 1 |  1.5
Maces & Flails | 1 |  1.5
Polearms       | 1 |  1.5
Staves         | 1 |  1.5
Slings         | 1 |  1.5
Bows           | 1 |  1.5
Crossbows      | 1 |  1.5
Throwing       | 1 |  1.5
Armour         | 1 |  1.5
Shields        | 1 |  1.5
Unarmed Combat | 1 |  1.5
Evocations     | 1 |  1.5
Hexes          | 1 |  1.2
Charms         | 1 |  1.2
Summonings     | 1 |  1.2
Necromancy     | 1 |  1.2
Translocations | 1 |  1.2
Transmutations | 1 |  1.2
Fire Magic     | 1 |  1.2
Ice Magic      | 1 |  1.2
Air Magic      | 1 |  1.2
Earth Magic    | 1 |  1.2
Poison Magic   | 1 |  1.2
Dodging        | |  4.8
Stealth        | |  4.4
Conjurations   | |  7.2

Action                   |  1- 3 |  4- 6 || total
-------------------------+-------+-------++-------
Melee: Staff             |    10 |    35 ||    45
       Bite              |     1 |     5 ||     6
       Unarmed           |     1 |       ||     1
 Cast: Magic Dart        |    57 |    26 ||    83
       Searing Ray       |     2 |    13 ||    15
  Use: Potion            |       |     2 ||     2
       Scroll            |       |     7 ||     7
 Stab: Sleeping          |     1 |       ||     1
  Eat: Chunk             |     1 |     4 ||     5
Armor: Robe              |     1 |    10 ||    11
Dodge: Dodged            |    12 |    45 ||    57
Block: Buckler           |     3 |    15 ||    18

Table legend:
 A = Spawn XP
 B = Non-spawn XP
 C = Spawn XP percentage of total XP
 D = Spawn monster count
 E = Non-spawn monster count
 F = Spawn count percentage of total count
 G = Total turns spent on level
                    A         B        C        D         E        F      G
               +---------+---------+-------+---------+---------+-------+---------
         Total |       0 |     273 |   0.0 |       0 |      64 |   0.0 |  2501
               +---------+---------+-------+---------+---------+-------+---------
           D:1 |       0 |      37 |   0.0 |       0 |      19 |   0.0 |  1151
           D:2 |       0 |      77 |   0.0 |       0 |      23 |   0.0 |   482
           D:3 |       0 |     116 |   0.0 |       0 |      20 |   0.0 |   645
           D:4 |       0 |      43 |   0.0 |       0 |       2 |   0.0 |   223
               +---------+---------+-------+---------+---------+-------+---------
